[Event "2026 Fred Maris Cup (Division A)"]
[Site "Woodvale, Perth WA AUS"]
[Date "2026.06.10"]
[Round "1"]
[White "Hernandez Mendez, Iker"]
[Black "Curtis, Calan"]
[Result "1-0"]
[ECO "C00"]
[WhiteElo "2060"]
[BlackElo "1704"]
[PlyCount "39"]
[EventDate "2026.06.10"]
[EventType "swiss"]
[EventRounds "6"]
[EventCountry "AUS"]
[TimeControl "3600+30"]

1. e4 e6 2. d3 d5 3. Nd2 Nf6 4. Ngf3 Be7 5. g3 O-O 6. Bg2 dxe4 7. dxe4 Nc6 8.
e5 Ng4 9. Qe2 Nd4 10. Nxd4 Qxd4 11. O-O Nxe5 12. Nb3 Qc4 13. Qxe5 Qxc2 14. Na5
Bf6 15. Qe4 Qxe4 16. Bxe4 c6 17. Be3 Be5 18. Nc4 Bc7 19. f4 f6 20. Rad1 1-0

[Event "2026 Fred Maris Cup (Division A)"]
[Site "Woodvale, Perth WA AUS"]
[Date "2026.06.10"]
[Round "1"]
[White "Leonhardt, Wolfgang"]
[Black "Selby, Michael"]
[Result "0-1"]
[ECO "A82"]
[WhiteElo "1702"]
[BlackElo "2048"]
[PlyCount "38"]
[EventDate "2026.06.10"]
[EventType "swiss"]
[EventRounds "6"]
[EventCountry "AUS"]
[TimeControl "3600+30"]

1. d4 f5 2. Nc3 Nf6 3. e4 fxe4 4. Nxe4 Nxe4 5. Qh5+ g6 6. Qe5 Nf6 7. Bg5 Bg7 8.
h4 Nc6 9. Qe3 d5 10. c3 O-O 11. O-O-O Ng4 12. Qg3 Nxf2 13. Bd3 Nxh1 14. Qh2 Nf2
15. h5 Nxd3+ 16. Rxd3 Qd6 17. g3 Rf1+ 18. Kd2 Bf5 19. Re3 Bxd4 0-1

[Event "2026 Fred Maris Cup (Division A)"]
[Site "Woodvale, Perth WA AUS"]
[Date "2026.06.10"]
[Round "1"]
[White "Sheikh, Suhail"]
[Black "Davoll, Josh"]
[Result "0-1"]
[ECO "B27"]
[WhiteElo "1691"]
[BlackElo "2014"]
[PlyCount "101"]
[EventDate "2026.06.10"]
[EventType "swiss"]
[EventRounds "6"]
[EventCountry "AUS"]
[TimeControl "3600+30"]

1. e4 c5 2. Nf3 g6 3. d4 cxd4 4. Qxd4 Nf6 5. Be2 Bg7 6. h3 Nc6 7. Qa4 O-O 8. c3
Qc7 9. Bg5 d6 10. Nbd2 a6 11. O-O Rb8 12. Rac1 h6 13. Bf4 b5 14. Qc2 Bb7 15.
Bd3 Rfc8 16. a3 Nd7 17. b4 Nce5 18. Nxe5 Nxe5 19. Bxe5 Bxe5 20. Nf3 Qxc3 21.
Qxc3 Bxc3 22. Rc2 Bf6 23. Rfc1 Rxc2 24. Rxc2 Rc8 25. Nd2 Rxc2 26. Bxc2 d5 27.
f3 Bb2 28. Nb1 dxe4 29. Bxe4 Bxe4 30. fxe4 Kg7 31. Kf2 Kf6 32. Ke3 Ke5 33. g3
e6 34. Kd3 f5 35. exf5 exf5 36. Kc2 Bd4 37. Nd2 Be3 38. Nf1 Ke4 39. Kb3 Bc1 40.
a4 Kf3 41. g4 Kg2 42. Kc2 Kxf1 43. Kxc1 bxa4 44. Kb2 f4 45. Ka3 f3 46. Kxa4 f2
47. Ka5 Kg2 48. Kxa6 f1=Q+ 49. b5 Kxh3 50. Kb6 Kxg4 51. Kc6 0-1

[Event "2026 Fred Maris Cup (Division A)"]
[Site "Woodvale, Perth WA AUS"]
[Date "2026.06.10"]
[Round "1"]
[White "Fokaite, Gabriele"]
[Black "Leech, Martin"]
[Result "1-0"]
[ECO "A00"]
[WhiteElo "1977"]
[BlackElo "1685"]
[PlyCount "97"]
[EventDate "2026.06.10"]
[EventType "swiss"]
[EventRounds "6"]
[EventCountry "AUS"]
[TimeControl "3600+30"]

1. Nc3 d5 2. d3 e5 3. Nf3 Nc6 4. e3 Nf6 5. Be2 Bd6 6. O-O a6 7. e4 d4 8. Nd5
Nxd5 9. exd5 Ne7 10. c4 dxc3 11. bxc3 Nxd5 12. Qb3 Nf6 13. Bg5 O-O 14. Nd2 Be7
15. Nc4 Nd7 16. Be3 b5 17. Na5 Nc5 18. Bxc5 Bxc5 19. Bf3 Be6 20. Qc2 Bd5 21.
Bxd5 Qxd5 22. c4 Qd7 23. Nb3 Bd4 24. Nxd4 exd4 25. cxb5 axb5 26. Rfc1 Rfc8 27.
Qc5 c6 28. Qg5 h6 29. Qf4 Ra3 30. Qd2 Qf5 31. Rd1 c5 32. h3 Rca8 33. g4 Qd5 34.
Qf4 Rxa2 35. Rxa2 Rxa2 36. Re1 Qd8 37. Qf5 Rc2 38. Ra1 g6 39. Qe4 Kg7 40. Ra6
b4 41. Qe5+ Kg8 42. Ra7 b3 43. Rb7 b2 44. Kg2 Qa8 45. Qd5 Qe8 46. Qb3 Qc6+ 47.
Kg3 Qd6+ 48. f4 Re2 49. Qxf7+ 1-0

[Event "2026 Fred Maris Cup (Division A)"]
[Site "Woodvale, Perth WA AUS"]
[Date "2026.06.10"]
[Round "1"]
[White "Mahanidis, Jet"]
[Black "Brand, Drew"]
[Result "1/2-1/2"]
[ECO "B07"]
[WhiteElo "1666"]
[BlackElo "1931"]
[PlyCount "53"]
[EventDate "2026.06.10"]
[EventType "swiss"]
[EventRounds "6"]
[EventCountry "AUS"]
[TimeControl "3600+30"]

1. e4 d6 2. d4 Nf6 3. Nc3 e5 4. dxe5 dxe5 5. Qxd8+ Kxd8 6. Bg5 Be6 7. O-O-O+
Nbd7 8. Nf3 Bd6 9. h3 a6 10. a3 Kc8 11. Be2 h6 12. Be3 Ne8 13. g3 f6 14. Nd2 g5
15. Rdf1 Bc5 16. Bxc5 Nxc5 17. f4 gxf4 18. gxf4 Nd6 19. b4 Nd7 20. Nd5 Nxe4 21.
Nxe4 Bxd5 22. Bf3 f5 23. Nd6+ cxd6 24. Bxd5 Rf8 25. fxe5 dxe5 26. Be6 Kc7 27.
Bxf5 1/2-1/2

[Event "2026 Fred Maris Cup (Division A)"]
[Site "Woodvale, Perth WA AUS"]
[Date "2026.06.10"]
[Round "1"]
[White "Plaganyi, Gyula"]
[Black "Hapugala, Amila"]
[Result "1-0"]
[ECO "B01"]
[WhiteElo "1914"]
[WhiteTitle "CM"]
[BlackElo "1666"]
[PlyCount "111"]
[EventDate "2026.06.10"]
[EventType "swiss"]
[EventRounds "6"]
[EventCountry "AUS"]
[TimeControl "3600+30"]

1. e4 d5 2. exd5 Qxd5 3. Nc3 Qd8 4. g3 Nf6 5. Bg2 c6 6. d4 Bf5 7. Nf3 e6 8. O-O
Bd6 9. Nh4 Bg6 10. Re1 Nbd7 11. Nxg6 hxg6 12. a3 Qa5 13. Bd2 Qb6 14. Bc1 O-O-O
15. Na4 Qb5 16. b3 Qh5 17. Qxh5 Rxh5 18. Bb2 Rdh8 19. h3 Re8 20. Rad1 Nd5 21.
c4 N5f6 22. Nc3 a6 23. d5 exd5 24. Rxe8+ Nxe8 25. cxd5 c5 26. Ne4 Kc7 27. g4
Rh8 28. Nxd6 Kxd6 29. Bc1 Kc7 30. Bf4+ Nd6 31. Rc1 b6 32. b4 Re8 33. Bf1 Re4
34. Bg3 Rd4 35. Bxa6 Rxd5 36. Bc4 Rd4 37. Bxf7 Kd8 38. Bxg6 Nb7 39. Re1 Nf6 40.
Be5 Rc4 41. Bxf6+ gxf6 42. Re6 cxb4 43. axb4 Rxb4 44. Rxf6 Nc5 45. Bf5 Ke7 46.
Rc6 Nb3 47. h4 Nd4 48. Rc7+ Kf6 49. Bd7 Nf3+ 50. Kg2 Nxh4+ 51. Kg3 Ng6 52. Rc6+
Kg5 53. f3 Ne5 54. Rc3 Nf7 55. Re3 Nd6 56. f4+ 1-0

[Event "2026 Fred Maris Cup (Division A)"]
[Site "Woodvale, Perth WA AUS"]
[Date "2026.06.10"]
[Round "1"]
[White "Michael, Ashley"]
[Black "Clarke, Daniel"]
[Result "0-1"]
[ECO "C42"]
[WhiteElo "1663"]
[BlackElo "1855"]
[PlyCount "32"]
[EventDate "2026.06.10"]
[EventType "swiss"]
[EventRounds "6"]
[EventCountry "AUS"]
[TimeControl "3600+30"]

1. e4 e5 2. Bc4 Nf6 3. Nf3 Nxe4 4. Nc3 Nxc3 5. dxc3 c6 6. Nxe5 d5 7. Bd3 Bd6 8.
Nf3 Bg4 9. O-O O-O 10. Bxh7+ Kxh7 11. Ng5+ Qxg5 12. f3 Qh4 13. Qd3+ g6 14. g3
Bxg3 15. hxg3 Qxg3+ 16. Kh1 Rh8 0-1

[Event "2026 Fred Maris Cup (Division A)"]
[Site "Woodvale, Perth WA AUS"]
[Date "2026.06.10"]
[Round "1"]
[White "Elkington, Derek"]
[Black "Hagendoorn, Mark"]
[Result "0-1"]
[ECO "B95"]
[WhiteElo "1815"]
[BlackElo "1656"]
[PlyCount "106"]
[EventDate "2026.06.10"]
[EventType "swiss"]
[EventRounds "6"]
[EventCountry "AUS"]
[TimeControl "3600+30"]

1. e4 c5 2. Nf3 d6 3. d4 cxd4 4. Nxd4 Nf6 5. Nc3 a6 6. Bg5 e6 7. Qf3 h6 8. Be3
e5 9. Nb3 Bg4 10. Qg3 Qc8 11. f3 Be6 12. Rd1 Nc6 13. Na4 Nd7 14. a3 b5 15. Nc3
Nf6 16. Rxd6 Nh5 17. Rxe6+ Qxe6 18. Qh4 g6 19. Nd5 Rc8 20. g4 Ne7 21. gxh5 Nxd5
22. exd5 Qxd5 23. Qe4 Qxe4 24. fxe4 Rxc2 25. hxg6 Rxb2 26. gxf7+ Kxf7 27. Nc1
Bxa3 28. Bh3 Bb4+ 29. Kf1 Rd8 30. Bg4 Kg7 31. h4 Ba3 32. Rg1 Rd6 33. Bh5+ Kf8
34. Ne2 Rb3 35. Kf2 Rf6+ 36. Bf3 a5 37. Rd1 Ke7 38. Rd5 Bd6 39. Ng3 Rb2+ 40.
Bd2 a4 41. Nf5+ Kd7 42. Be2 Kc6 43. Bg4 a3 44. Ke3 h5 45. Bxh5 Rxf5 46. Be8+
Kc7 47. exf5 a2 48. Ba5+ Kb8 49. Rxd6 a1=Q 50. Bd2 Qa3+ 51. Rd3 Qc5+ 52. Ke2
Qc4 53. f6 Qe4+ 0-1

[Event "2026 Fred Maris Cup (Division A)"]
[Site "Woodvale, Perth WA AUS"]
[Date "2026.06.10"]
[Round "1"]
[White "Weijermars, Tristan"]
[Black "Janceski, Alex"]
[Result "0-1"]
[ECO "A00"]
[WhiteElo "1608"]
[BlackElo "1806"]
[PlyCount "74"]
[EventDate "2026.06.10"]
[EventType "swiss"]
[EventRounds "6"]
[EventCountry "AUS"]
[TimeControl "3600+30"]

1. Nc3 c5 2. Nf3 e6 3. d4 cxd4 4. Nxd4 a6 5. Bf4 Nf6 6. e3 b5 7. Bd3 Bb7 8. O-O
d6 9. Bg5 Be7 10. Qe2 Nbd7 11. f3 Qb6 12. Kh1 h6 13. Bh4 O-O 14. Ne4 Rfe8 15.
Nxf6+ Bxf6 16. Bxf6 Nxf6 17. c3 Rac8 18. Rac1 g6 19. a3 Kg7 20. Qf2 e5 21. Nc2
h5 22. e4 Qd8 23. Nb4 Rh8 24. Qa7 Qd7 25. Qb6 Ra8 26. Rfd1 Rhb8 27. Qf2 Qe6 28.
Bb1 a5 29. Ba2 Qe7 30. Nd5 Bxd5 31. Bxd5 Ra7 32. Rd2 b4 33. cxb4 axb4 34. axb4
Rxb4 35. h3 Ra5 36. Rc4 Nxd5 37. Rxd5 Ra1+ 0-1

[Event "2026 Fred Maris Cup (Division A)"]
[Site "Woodvale, Perth WA AUS"]
[Date "2026.06.10"]
[Round "1"]
[White "Lowson, Jeremy"]
[Black "O'Shaughnessy, Dave"]
[Result "0-1"]
[ECO "B00"]
[WhiteElo "1504"]
[BlackElo "1790"]
[PlyCount "42"]
[EventDate "2026.06.10"]
[EventType "swiss"]
[EventRounds "6"]
[EventCountry "AUS"]
[TimeControl "3600+30"]

1. e4 Nc6 2. d4 e5 3. d5 Nce7 4. Nf3 Ng6 5. Nc3 Bc5 6. Bd3 d6 7. h3 a6 8. O-O
N8e7 9. Bd2 O-O 10. Qe2 Bd7 11. Nd1 f5 12. Ne3 Nf4 13. Qe1 Nxd3 14. cxd3 fxe4
15. dxe4 Rxf3 16. gxf3 Bxh3 17. Bb4 Ba7 18. Qc3 Ng6 19. Rfe1 Nf4 20. Ng4 Qh4
21. Qb3 Qg3+ 0-1

[Event "2026 Fred Maris Cup (Division A)"]
[Site "Woodvale, Perth WA AUS"]
[Date "2026.06.10"]
[Round "1"]
[White "Gough, Dylan"]
[Black "Smith, Douglas"]
[Result "1/2-1/2"]
[ECO "A40"]
[WhiteElo "1775"]
[BlackElo "1463"]
[PlyCount "73"]
[EventDate "2026.06.10"]
[EventType "swiss"]
[EventRounds "6"]
[EventCountry "AUS"]
[TimeControl "3600+30"]

1. d4 b6 2. c4 Bb7 3. Bf4 Nf6 4. Nc3 e6 5. a3 Be7 6. h3 d6 7. Qc2 Nbd7 8. Rd1
a6 9. e4 O-O 10. Bd3 e5 11. dxe5 dxe5 12. Bh2 Bd6 13. Nf3 Re8 14. O-O Qe7 15.
Rfe1 Rad8 16. Nd5 Nxd5 17. exd5 g6 18. Nd2 Nc5 19. Nf3 Nxd3 20. Rxd3 e4 21.
Rde3 Bxh2+ 22. Nxh2 f5 23. f3 Qc5 24. Kh1 Bxd5 25. fxe4 Rxe4 26. Rxe4 Bxe4 27.
Qe2 Qd4 28. Nf3 Qf6 29. b4 Bxf3 30. gxf3 Kf7 31. a4 Qd6 32. c5 bxc5 33. bxc5
Qf6 34. c6 Qh4 35. Kg2 Qg5+ 36. Kf1 Qh4 37. Qe6+ 1/2-1/2

[Event "2026 Fred Maris Cup (Division A)"]
[Site "Woodvale, Perth WA AUS"]
[Date "2026.06.10"]
[Round "1"]
[White "Brophy, Gavin"]
[Black "Deng, Eric"]
[Result "0-1"]
[ECO "D55"]
[WhiteElo "1430"]
[BlackElo "1735"]
[PlyCount "56"]
[EventDate "2026.06.10"]
[EventType "swiss"]
[EventRounds "6"]
[EventCountry "AUS"]
[TimeControl "3600+30"]

1. d4 Nf6 2. c4 e6 3. Bg5 Be7 4. Nc3 d5 5. Nf3 O-O 6. e3 c6 7. h4 Nbd7 8. c5 h6
9. Bf4 Nh5 10. Be5 Nhf6 11. Bd3 Nxe5 12. Nxe5 Nd7 13. Nf3 e5 14. dxe5 Bxc5 15.
Nd4 Nxe5 16. Bc2 Re8 17. g3 Bxd4 18. exd4 Bg4 19. Qb1 Nc4+ 20. Ne4 dxe4 21. b3
e3 22. Bh7+ Kh8 23. O-O Nd2 24. Qd3 Nf3+ 25. Kg2 Qd5 26. Be4 Rxe4 27. fxe3 Ne1+
28. Raxe1 Rxe3+ 0-1

[Event "2026 Fred Maris Cup (Division B)"]
[Site "Woodvale, Perth WA AUS"]
[Date "2026.06.10"]
[Round "1"]
[White "Boswarva, Ernest"]
[Black "Porteus, Grant"]
[Result "1-0"]
[ECO "D10"]
[WhiteElo "1334"]
[BlackElo "1356"]
[PlyCount "67"]
[EventDate "2026.06.10"]
[EventType "tourn"]
[EventRounds "5"]
[EventCountry "AUS"]
[TimeControl "3600+30"]

1. d4 d5 2. e3 Bf5 3. c4 c6 4. cxd5 cxd5 5. Qb3 Qc7 6. Nc3 e6 7. Bb5+ Nd7 8.
Qa4 Ngf6 9. Nf3 Bd6 10. Bd2 O-O 11. Rc1 Nb6 12. Qb3 Qe7 13. Ne5 Rac8 14. h3 a6
15. Bxa6 bxa6 16. Qxb6 Bxe5 17. dxe5 Ne4 18. Nxe4 Rxc1+ 19. Bxc1 Bxe4 20. O-O
Qg5 21. f3 Bd3 22. Rf2 Rc8 23. Bd2 Qxe5 24. Bc3 Qc7 25. Qd4 f6 26. Qxd3 Qb6 27.
Rc2 Kf7 28. Bd4 Qb8 29. Rxc8 Qxc8 30. Bc3 g6 31. Qd4 Qd7 32. Qxf6+ Ke8 33. Qh8+
Ke7 34. Bb4+ 1-0

[Event "2026 Fred Maris Cup (Division B)"]
[Site "Woodvale, Perth WA AUS"]
[Date "2026.06.10"]
[Round "1"]
[White "Newbold, Christian"]
[Black "Pass, Tony"]
[Result "1-0"]
[ECO "B12"]
[WhiteElo "1382"]
[BlackElo "1370"]
[PlyCount "159"]
[EventDate "2026.06.10"]
[EventType "tourn"]
[EventRounds "5"]
[EventCountry "AUS"]
[TimeControl "3600+30"]

1. e4 c6 2. d4 d5 3. e5 c5 4. c3 Nc6 5. Nf3 Bg4 6. Be2 e6 7. O-O Nge7 8. Nbd2
Nf5 9. h3 Bxf3 10. Nxf3 a6 11. a3 cxd4 12. cxd4 Rb8 13. b4 b5 14. Bb2 Be7 15.
Bc3 O-O 16. Qb3 Qb6 17. Rfd1 Rfc8 18. a4 bxa4 19. Rxa4 a5 20. b5 Ra8 21. Qb2
Nb4 22. g4 Nh4 23. Nxh4 Bxh4 24. Bxb4 axb4 25. Rxa8 Rxa8 26. Qxb4 Bg5 27. Qc5
Qd8 28. b6 Rb8 29. Rb1 Be7 30. Qb5 Qc8 31. b7 Qc3 32. Qa6 Qc7 33. Qa8 g6 34.
Ba6 Kg7 35. Kg2 Bg5 36. Rb2 Bc1 37. Rc2 Qxc2 38. Qxb8 Qe4+ 39. Kg1 Be3 40. fxe3
Qxe3+ 41. Kf1 Qc1+ 42. Kf2 Qd2+ 43. Be2 Qxd4+ 44. Ke1 Qc3+ 45. Kd1 Qd4+ 46. Kc2
Qa4+ 47. Kb2 Qb4+ 48. Kc2 Qc5+ 49. Kd1 Qd4+ 50. Kc1 Qc3+ 51. Kd1 Qd4+ 52. Ke1
Qc3+ 53. Kf2 Qd4+ 54. Kg2 Qe4+ 55. Bf3 Qc2+ 56. Kg3 Qc1 57. Qa7 g5 58. b8=Q
Qf4+ 59. Kg2 d4 60. Qbb7 Qd2+ 61. Kg1 Qe3+ 62. Kg2 Qd2+ 63. Kf1 Qc1+ 64. Kg2
Qd2+ 65. Kh1 Qe1+ 66. Kh2 Qd2+ 67. Kg1 Qe1+ 68. Kg2 Qd2+ 69. Kg3 Qe1+ 70. Kh2
Qd2+ 71. Bg2 Qf4+ 72. Kg1 Qc1+ 73. Bf1 Qe3+ 74. Kh1 Qf4 75. Qa2 Qxf1+ 76. Kh2
Qf4+ 77. Kg2 Qxe5 78. Qf2 Qf4 79. Qxf4 gxf4 80. Qe4 1-0

[Event "2026 Fred Maris Cup (Division C)"]
[Site "Woodvale, Perth WA AUS"]
[Date "2026.06.10"]
[Round "1"]
[White "Brooke, John"]
[Black "Walker, Colin"]
[Result "0-1"]
[ECO "A16"]
[WhiteElo "1250"]
[BlackElo "1325"]
[PlyCount "72"]
[EventDate "2026.06.10"]
[EventType "tourn"]
[EventRounds "5"]
[EventCountry "AUS"]
[TimeControl "3600+30"]

1. c4 c6 2. Nc3 Nf6 3. Nf3 d6 4. b3 Nbd7 5. Bb2 g6 6. e4 Bg7 7. Qc2 O-O 8. d4
e5 9. O-O-O Qc7 10. h3 Ne8 11. g4 exd4 12. Nxd4 Ne5 13. f4 Nd7 14. g5 a6 15.
Be2 b5 16. Bf3 Bb7 17. h4 bxc4 18. b4 c5 19. bxc5 Nxc5 20. Nd5 Bxd5 21. exd5
Rb8 22. Nc6 Rxb2 23. Qxb2 Bxb2+ 24. Kxb2 Qd7 25. Rd4 Ng7 26. Rxc4 Re8 27. Rh2
Re3 28. Bd1 Nf5 29. h5 Re4 30. Rxe4 Nxe4 31. hxg6 fxg6 32. Ba4 Qg7+ 33. Kc1
Qa1+ 34. Kc2 Qxa2+ 35. Kd3 Qxh2 36. Kxe4 Qe2# 0-1

[Event "2026 Fred Maris Cup (Division C)"]
[Site "Woodvale, Perth WA AUS"]
[Date "2026.06.10"]
[Round "1"]
[White "Gough, Sebastian"]
[Black "Lanham, Bruce"]
[Result "1-0"]
[ECO "D00"]
[WhiteElo "1244"]
[BlackElo "1227"]
[PlyCount "69"]
[EventDate "2026.06.10"]
[EventType "tourn"]
[EventRounds "5"]
[EventCountry "AUS"]
[TimeControl "3600+30"]

1. d4 d5 2. e3 Nf6 3. Bd3 c5 4. c3 e6 5. f4 b6 6. Nf3 Bb7 7. O-O Nc6 8. Ne5
cxd4 9. cxd4 Be7 10. Rf3 Nd7 11. Rh3 h6 12. Qh5 Ndxe5 13. fxe5 Rf8 14. Nc3 a6
15. Bd2 Bb4 16. a3 Bxc3 17. Bxc3 Nb8 18. Rf1 Qd7 19. Rhf3 Nc6 20. Bg6 Nd8 21.
Bb4 Rg8 22. Rxf7 Nxf7 23. Bxf7+ Kd8 24. Bxg8 Rc8 25. Bd6 Qe8 26. Rf8 Qxf8 27.
Bxf8 Rc1+ 28. Kf2 Rc2+ 29. Kg3 Rxb2 30. Qh4+ Kd7 31. Qe7+ Kc6 32. Bxe6 Kb5 33.
Qxb7 Re2 34. Qxd5+ Ka4 35. Qc4+ 1-0

[Event "2026 Fred Maris Cup (Division D)"]
[Site "Woodvale, Perth WA AUS"]
[Date "2026.06.10"]
[Round "1"]
[White "Lamb, Hannah"]
[Black "Young, Manfred"]
[Result "0-1"]
[ECO "D26"]
[WhiteElo "1114"]
[BlackElo "1145"]
[PlyCount "78"]
[EventDate "2026.06.10"]
[EventType "tourn"]
[EventRounds "5"]
[EventCountry "AUS"]
[TimeControl "3600+30"]

1. d4 e6 2. c4 d5 3. e3 Nf6 4. Nc3 c5 5. Nf3 Nc6 6. Bd3 cxd4 7. exd4 Bb4 8. O-O
O-O 9. Bg5 h6 10. Bf4 Bd6 11. Be5 Re8 12. c5 Bxe5 13. dxe5 Nd7 14. Re1 Nxc5 15.
Bc2 a6 16. a3 Qc7 17. b4 Nd7 18. Qd3 Ncxe5 19. Qh7+ Kf8 20. Qh8+ Ke7 21. Qxg7
Nxf3+ 22. gxf3 Nf6 23. Bg6 Rf8 24. Bf5 Rg8 25. Nxd5+ Nxd5 26. Qxg8 Qf4 27. Kf1
Qxf5 28. Qg3 Nf4 29. Qh4+ Kf8 30. Qd8+ Kg7 31. Qh4 Bd7 32. Re4 Bb5+ 33. Ke1
Ng2+ 34. Kd2 Nxh4 35. Rxh4 Qg5+ 36. f4 Qxh4 37. Ke3 Rd8 38. f3 Qxh2 39. Re1
Qd2+ 0-1

[Event "2026 Fred Maris Cup (Division D)"]
[Site "Woodvale, Perth WA AUS"]
[Date "2026.06.10"]
[Round "1"]
[White "Tyler, Jason"]
[Black "Powell, Darren"]
[Result "0-1"]
[ECO "C50"]
[WhiteElo "1183"]
[BlackElo "1164"]
[PlyCount "114"]
[EventDate "2026.06.10"]
[EventType "tourn"]
[EventRounds "5"]
[EventCountry "AUS"]
[TimeControl "3600+30"]

1. e4 e5 2. Bc4 Nf6 3. Nc3 Bc5 4. h3 h6 5. Nf3 Nc6 6. O-O a6 7. d3 d6 8. Re1
Bd7 9. Be3 Bxe3 10. Rxe3 Nd4 11. Nd5 b5 12. Bb3 Nxb3 13. cxb3 O-O 14. d4 Nxd5
15. exd5 c6 16. dxe5 cxd5 17. Qxd5 Rc8 18. Ne1 Re8 19. Qxd6 Re6 20. Qd2 Qe7 21.
Rg3 Rcc6 22. Nd3 Rg6 23. Re3 Qg5 24. f4 Qf5 25. Kh2 Be6 26. Rf1 Bd5 27. Rg1 Rc7
28. g4 Qc8 29. Rc1 Rgc6 30. Kg3 Rxc1 31. Nxc1 Rd7 32. Nd3 Qc7 33. a3 g6 34. Qb4
Qc2 35. Nf2 Qc1 36. Qe1 Qxb2 37. b4 Qc2 38. e6 fxe6 39. Ne4 Bxe4 40. Rxe4 Rd3+
41. Re3 g5 42. f5 Qc7+ 43. Kg2 Qc2+ 44. Re2 Qb3 45. Kf1 Rxh3 46. Rg2 Qf3+ 47.
Qf2 Rh1+ 48. Rg1 Qd1+ 49. Kg2 Rxg1+ 50. Qxg1 Qxg1+ 51. Kxg1 exf5 52. gxf5 Kg7
53. Kf2 Kf6 54. Kf3 Kxf5 55. Kg3 h5 56. Kh3 g4+ 57. Kh4 Kf4 0-1

[Event "2026 Fred Maris Cup (Division E)"]
[Site "Woodvale, Perth WA AUS"]
[Date "2026.06.10"]
[Round "1"]
[White "Frankland, David"]
[Black "Rennie, Mike"]
[Result "1-0"]
[ECO "D00"]
[WhiteElo "1092"]
[BlackElo "886"]
[PlyCount "85"]
[EventDate "2026.06.10"]
[EventType "tourn"]
[EventRounds "5"]
[EventCountry "AUS"]
[TimeControl "3600+30"]

1. d4 d5 2. h3 e6 3. Nf3 f6 4. a3 Ne7 5. Nc3 c6 6. e4 h5 7. e5 Nf5 8. Bd3 g6 9.
Bxf5 gxf5 10. O-O Bh6 11. Bxh6 Rxh6 12. Qd2 Rg6 13. Nh4 Rg7 14. Qe2 Kd7 15. g3
Qe7 16. Qxh5 Qf7 17. Qxf7+ Rxf7 18. Rae1 b6 19. Kh2 f4 20. gxf4 Ba6 21. Rg1 Rh7
22. Ng6 Ke8 23. exf6 Rf7 24. Rxe6+ Kd7 25. Re7+ Rxe7 26. fxe7 Ke8 27. f5 Nd7
28. Re1 Rc8 29. Ne2 Bxe2 30. Rxe2 Nf6 31. f3 Rc7 32. Re6 Nd7 33. f6 Rc8 34. Ne5
Nxf6 35. Rxf6 Kxe7 36. Rf7+ Ke6 37. Rxa7 c5 38. f4 cxd4 39. Kg3 Rg8+ 40. Ng4
Kf5 41. Rb7 Re8 42. Rxb6 Re4 43. Rf6# 1-0

[Event "2026 Fred Maris Cup (Division E)"]
[Site "Woodvale, Perth WA AUS"]
[Date "2026.06.10"]
[Round "1"]
[White "Jayasinghe, Attiligoda"]
[Black "Overste, Brian"]
[Result "1/2-1/2"]
[ECO "C40"]
[WhiteElo "903"]
[BlackElo "1068"]
[PlyCount "98"]
[EventDate "2026.06.10"]
[EventType "tourn"]
[EventRounds "5"]
[EventCountry "AUS"]
[TimeControl "3600+30"]

1. e4 e5 2. Nf3 Bd6 3. Nc3 a6 4. d4 Nc6 5. Bc4 Bb4 6. O-O d6 7. dxe5 Be6 8. Bd5
Qd7 9. Bf4 Na5 10. Bxe6 fxe6 11. Ng5 O-O-O 12. Ne2 h6 13. Nf3 g5 14. Bg3 Qc6
15. Nfd4 Qe8 16. Qc1 Nc4 17. c3 Bc5 18. b4 Bb6 19. Kh1 dxe5 20. Nf3 Rh7 21.
Nxe5 Nd2 22. Re1 Nxe4 23. c4 Bxf2 24. Bxf2 Nxf2+ 25. Kg1 Qf8 26. Rf1 Nh3+ 27.
gxh3 Qxb4 28. Kh1 Qc5 29. Qb2 Ne7 30. Rab1 b6 31. Ng3 Nc6 32. Ne4 Qe3 33. Nxc6
Qxe4+ 34. Qg2 Qxg2+ 35. Kxg2 Rd2+ 36. Kg1 Rxa2 37. Ne5 Kb7 38. c5 b5 39. Rfd1
Rg7 40. Rd8 c6 41. Rd6 g4 42. hxg4 h5 43. h3 Rg5 44. Rxe6 hxg4 45. hxg4 Rc2 46.
Re7+ Kc8 47. Re8+ Kc7 48. Re7+ Kb8 49. Nxc6+ Kc8 1/2-1/2

[Event "2026 Fred Maris Cup (Division E)"]
[Site "Woodvale, Perth WA AUS"]
[Date "2026.06.10"]
[Round "1"]
[White "Golshiriour, Mohsen"]
[Black "Ayles, Jesse"]
[Result "1-0"]
[ECO "B09"]
[WhiteElo "1041"]
[BlackElo "968"]
[PlyCount "33"]
[EventDate "2026.06.10"]
[EventType "tourn"]
[EventRounds "5"]
[EventCountry "AUS"]
[TimeControl "3600+30"]

1. e4 d6 2. d4 Nf6 3. Nc3 g6 4. f4 Bg7 5. Bc4 O-O 6. Nf3 Nc6 7. O-O Bg4 8. Be3
Nd7 9. Qd2 Na5 10. Bd3 e5 11. f5 Bxf3 12. Bh6 Bxh6 13. Qxh6 Bxg2 14. Kxg2 exd4
15. Nd5 g5 16. f6 Kh8 17. Qg7# 1-0

[Event "2026 Fred Maris Cup (Division A)"]
[Site "Woodvale, Perth WA AUS"]
[Date "2026.06.17"]
[Round "2"]
[White "Clarke, Daniel"]
[Black "Hernandez Mendez, Iker"]
[Result "0-1"]
[ECO "B41"]
[WhiteElo "1855"]
[BlackElo "2060"]
[PlyCount "72"]
[EventDate "2026.06.10"]
[EventType "swiss"]
[EventRounds "6"]
[EventCountry "AUS"]
[TimeControl "3600+30"]

1. e4 c5 2. Nf3 e6 3. d4 cxd4 4. Nxd4 a6 5. Be3 Qc7 6. c3 Nf6 7. Nd2 d5 8. Bd3
Nbd7 9. exd5 Nxd5 10. O-O Bd6 11. N4f3 Nxe3 12. fxe3 h6 13. Nc4 Bc5 14. b4 Ba7
15. Nd4 O-O 16. Rc1 b5 17. Na5 Bb7 18. Nxb7 Qxb7 19. Qg4 Ne5 20. Qe4 Qxe4 21.
Bxe4 Rab8 22. h3 Nc4 23. Rf3 Nd2 24. Bb1 Nxf3+ 25. gxf3 Rfd8 26. Kf1 Rbc8 27.
Ke2 Bxd4 28. exd4 Rxd4 29. a3 Rh4 30. Be4 Rc7 31. Rd1 f5 32. Rd8+ Kf7 33. Bd3
Rxc3 34. Rd7+ Kf6 35. a4 bxa4 36. Bxa6 Rxb4 0-1

[Event "2026 Fred Maris Cup (Division A)"]
[Site "Woodvale, Perth WA AUS"]
[Date "2026.06.17"]
[Round "2"]
[White "Selby, Michael"]
[Black "Janceski, Alex"]
[Result "1-0"]
[ECO "A34"]
[WhiteElo "2048"]
[BlackElo "1806"]
[PlyCount "85"]
[EventDate "2026.06.10"]
[EventType "swiss"]
[EventRounds "6"]
[EventCountry "AUS"]
[TimeControl "3600+30"]

1. e4 e6 2. c4 c5 3. Nc3 a6 4. d3 Nc6 5. f4 d6 6. Nf3 Be7 7. Be2 Nf6 8. O-O O-O
9. Qe1 g6 10. h3 Nh5 11. Be3 b6 12. a3 Bf6 13. g4 Ng7 14. Qf2 Rb8 15. Rad1 Qc7
16. d4 Ne8 17. e5 cxd4 18. exf6 dxe3 19. Qh4 Qd8 20. Ne4 d5 21. Nfg5 h5 22.
gxh5 Nxf6 23. hxg6 Kg7 24. Nxf6 Rh8 25. Nh5+ Kxg6 26. Qg3 Rg8 27. Nxe6+ Kh6 28.
Nxd8 Rxg3+ 29. Nxg3 Nxd8 30. Rxd5 Be6 31. Rh5+ Kg7 32. f5 Bd7 33. f6+ Kg8 34.
Nf5 Bxf5 35. Rfxf5 Ne6 36. Rf3 Nf8 37. Rxe3 Rd8 38. h4 Rd6 39. Rg5+ Kh7 40. Re8
Ne6 41. Rd5 Rxd5 42. cxd5 Nf4 43. d6 1-0

[Event "2026 Fred Maris Cup (Division A)"]
[Site "Woodvale, Perth WA AUS"]
[Date "2026.06.17"]
[Round "2"]
[White "Deng, Eric"]
[Black "Fokaite, Gabriele"]
[Result "0-1"]
[ECO "B00"]
[WhiteElo "1735"]
[BlackElo "1977"]
[PlyCount "70"]
[EventDate "2026.06.10"]
[EventType "swiss"]
[EventRounds "6"]
[EventCountry "AUS"]
[TimeControl "3600+30"]

1. e4 b6 2. d4 Bb7 3. Nd2 e6 4. c4 Be7 5. Bd3 d6 6. Ne2 Nd7 7. O-O Ngf6 8. f3
O-O 9. b3 c5 10. Bb2 Qc7 11. Kh1 cxd4 12. Nxd4 Rad8 13. Nb5 Qb8 14. Qe1 a6 15.
Nd4 Ne5 16. Bc2 Ng6 17. f4 e5 18. Nf5 Qc7 19. fxe5 dxe5 20. Nf3 Bd6 21. a4 Rfe8
22. N3h4 Nh5 23. Bc1 Rd7 24. Qf2 Bc5 25. Qf3 Nhf4 26. g3 Nxh4 27. gxh4 Re6 28.
Bxf4 exf4 29. Qxf4 Qxf4 30. Rxf4 Rd2 31. Bb1 Rd1+ 32. Kg2 Rg6+ 33. Ng3 Rg1+ 34.
Kf3 h6 35. h5 Rg5 0-1